 Dungeon Crawl Stone Soup version 0.28.0 (webtiles) character file.

Game seed: 16867402808562205530

395 Akaron the Sneak (level 6, -1/38 HPs)
             Began as an Octopode Enchanter on Feb 13, 2022.
             Killed from afar by an orc wizard (13 damage)
             ... with a puff of flame
             ... on level 4 of the Dungeon.
             The game lasted 00:06:51 (3478 turns).

Akaron the Sneak (Octopode Enchanter)               Turns: 3478, Time: 00:06:52

Health: -1/38      AC:  1    Str:  7    XL:     6   Next: 82%
Magic:  9/9        EV: 17    Int: 18    God:
Gold:   220        SH:  3    Dex: 14    Spells: 4/9 levels left

rFire   . . .      SeeInvis .   a - +1 dagger
rCold   . . .      Faith    .   l - +0 buckler
rNeg    . . .      Spirit   .   (helmet restricted)
rPois   .          Reflect  .   (no amulet)
rElec   .          Harm     .   h - +4 ring of evasion
rCorr   .          Rampage  .   n - ring of flight
Will    .....                   (no ring)
Stlth   +++++.....              (no ring)
HPRegen 0.12/turn               (no ring)
MPRegen 0.11/turn               (no ring)
                                (no ring)
                                (no ring)

@: flying
A: almost no armour, amphibious, 8 rings, camouflage 1, gelatinous body 1,
(nimble swimmer 1), tentacles
a: no special abilities


You were on level 4 of the Dungeon.
You visited 1 branch of the dungeon, and saw 4 of its levels.
You also visited: Sewer.

You collected 220 gold pieces.

Inventory:

Hand Weapons
 a - a +1 dagger (weapon)
Armour
 l - a +0 buckler (worn)
Jewellery
 h - a +4 ring of evasion (left tentacle)
 n - a ring of flight (right tentacle)
Wands
 j - a wand of charming (14)
Scrolls
 c - a scroll of teleportation {unknown}
 d - a scroll of identify {unknown}
 o - a scroll of noise {unknown}
Potions
 b - a potion of invisibility
 e - a potion of heal wounds {unknown}
 f - a potion of brilliance {unknown}
 g - a potion of curing {unknown}
 i - a potion of berserk rage {unknown}
 k - a potion of mutation {unknown}
 m - 2 potions of might {unknown}


   Skills:
 + Level 1.0 Fighting
 + Level 2.4 Short Blades
 + Level 3.1 Dodging
 + Level 7.6 Stealth
 + Level 0.1 Shields
 + Level 2.4 Spellcasting
 + Level 3.8 Hexes
 + Level 1.0 Ice Magic


You had 4 spell levels left.
You knew the following spells:

 Your Spells              Type           Power      Damage    Failure   Level
a - Ensorcelled Hibernat  Hex/Ice        20%        N/A       13%         2
b - Confusing Touch       Hex            16%        N/A       14%         3

Your spell library contained the following spells:

 Spells                   Type           Power      Damage    Failure   Level
 Tukima's Dance           Hex            16%        N/A       14%         3
 Dazzling Flash           Conj/Hex       18%        N/A       32%         3


Dungeon Overview and Level Annotations

Branches:
Dungeon (4/15)              Sewer (visited)
 Temple: D:4-7

Altars:


Innate Abilities, Weirdness & Mutations

You cannot wear most types of armour.
You are amphibious.
You can wear up to eight rings at the same time.
Your skin changes colour to match your surroundings (Stealth+).
Your rubbery body absorbs attacks. (AC +1, EV +1)
((You are camouflaged when in or above water. (Stealth+)))
You have tentacles for arms and can constrict up to eight enemies at once.


Message History

The orc warrior looks drowsy...
The helpless orc warrior fails to defend itself.
You impale the orc warrior!!
The orc shouts!
Your grab misses the orc warrior.
The orc warrior is almost dead.
The orc wizard mumbles some strange words.
The orc wizard flickers and vanishes!
Deactivating autopickup; reactivate with Ctrl-A.
The orc warrior barely misses you.
You closely miss the orc warrior. Your grab misses the orc warrior.
The orc warrior is almost dead.
The orc warrior closely misses you.
You closely miss the orc warrior. Your grab misses the orc warrior.
You squeeze the orc warrior, but do no damage.
The orc warrior is almost dead.
The orc barely misses you. The orc warrior barely misses you.
You barely miss the orc warrior. You grab the orc warrior.
The orc warrior is almost dead.
You constrict the orc warrior, but do no damage.
Something hits you. The orc barely misses you.
The orc warrior hits you with a +0 short sword!
You hit the orc warrior.
You squeeze the orc warrior, but do no damage.
The orc warrior is almost dead.
You constrict the orc warrior, but do no damage.
Something hits you. The orc warrior misses you. The orc completely misses you.
You hit the orc warrior. You squeeze the orc warrior.
You kill the orc warrior!
The orc misses you.
Your Fighting skill increases to level 1!
Your Ice Magic skill increases to level 1!
A magic dart appears from out of thin air!
The magic dart hits you.
A magic dart appears from out of thin air!
The magic dart hits you!
* * * LOW HITPOINT WARNING * * *
A puff of flame appears from out of thin air!
The puff of flame hits you!
You die...

### ### ####.#####.##
###...........# ##....@...{o..##
###...#......##o##
###....##......##..#
##....#####.#####...## ###...###
#####........### ##
###....######.........###o.####.
##....###........#######
##o.#... .............†####
##o.o.. #.....).##..†...# ###...


You could see 2 orcs.

Vanquished Creatures
  An orc warrior (D:4)
  Pargi (Sewer)
  Crazy Yiuf (D:3)
  An iguana (D:4)
  4 gnolls (D:2)
  3 adders
  A river rat (D:4)
  A dart slug (D:4)
  An orc (D:3)
  7 endoplasms
  3 giant cockroaches
  5 goblins
  2 hobgoblins
  4 jackals (D:3)
  3 quokkas
  5 ball pythons
  7 bats
  3 frilled lizards
  9 kobolds
  4 rats
66 creatures vanquished.

Vanquished Creatures (others)
  A fungus (D:3)
1 creature vanquished.

Grand Total: 67 creatures vanquished

Notes
Turn   | Place    | Note
-------+----------+-------------------------------------------
     0 | D:1      | Akaron the Octopode Enchanter began the quest for the Orb.
     0 | D:1      | Reached XP level 1. HP: 11/11 MP: 3/3
   202 | D:1      | Reached XP level 2. HP: 13/17 MP: 5/5
   205 | D:1      | Learned a level 2 spell: Ensorcelled Hibernation
   655 | D:1      | Found a faded altar of an unknown god.
   847 | D:2      | Reached XP level 3. HP: 21/21 MP: 6/6
   851 | D:2      | Learned a level 3 spell: Confusing Touch
   904 | D:2      | Reached skill level 5 in Stealth
   927 | D:2      | Reached XP level 4. HP: 27/27 MP: 0/7
  2358 | D:3      | Identified the +0 ring mail of Caenuu {+Inv rN+ Stlth+}
  2378 | D:3      | Reached XP level 5. HP: 28/31 MP: 8/8
  2701 | D:3      | Found a runed translucent door.
  2702 | D:3      | Noticed Crazy Yiuf
  2709 | D:3      | Killed Crazy Yiuf
  2814 | D:4      | Reached skill level 6 in Stealth
  2899 | D:4      | Found a glowing drain.
  2904 | Sewer    | Entered a sewer
  2971 | Sewer    | Noticed Pargi
  3089 | Sewer    | Killed Pargi
  3090 | Sewer    | Reached skill level 7 in Stealth
  3090 | Sewer    | Reached XP level 6. HP: 22/37 MP: 6/9
  3428 | D:4      | Noticed an orc warrior
  3457 | D:4      | Killed an orc warrior
  3458 | D:4      | Reached skill level 1 in Fighting
  3458 | D:4      | Reached skill level 1 in Ice Magic
  3478 | D:4      | Killed from afar by an orc wizard

Illustrated notes

Levels and vault maps discovered:
D:1:      wheals_arrival_shading, layout_rooms,
          shapermc_ecumenical_altar_mp_urbaneastern, hangedman_decor_opposing
D:2:      layout_basic
D:3:      layout_loops_ring, minmay_goblin_kobold_house, uniq_crazy_yiuf_cottage
D:4:      layout_cave_pods, kb_xom_exploding_sheep, gup_sewer_entry_spiral

Skill      XL: |  1  2  3  4  5  6 |
---------------+-------------------+-----
Stealth        | 5 7 |  7.6
Dodging        | 3 |  3.1
Short Blades   | 2 |  2.4
Fighting       | 1 |  1.0
Ice Magic      | 1 |  1.0
Shields        | |  0.1
Spellcasting   | |  2.4
Hexes          | |  3.8

Action                   |  1- 3 |  4- 6 || total
-------------------------+-------+-------++-------
Melee: Dagger            |    34 |   106 ||   140
       Tentacles         |     8 |    18 ||    26
       Constrict         |     6 |    14 ||    20
 Cast: Ensorcelled Hiber |     5 |    11 ||    16
 Stab: Sleeping          |     9 |    26 ||    35
Armor: Skin              |     2 |     4 ||     6
Dodge: Dodged            |    19 |    93 ||   112
Block: Buckler           |       |     5 ||     5
